 Dungeon Crawl Stone Soup version 0.29.0-4-gdea44cf6ec (webtiles) character file.

Game seed: 8723289383580387340

64 qw the Chopper (level 4, 0/26 HPs)
             Began as a Tengu Warper on Aug 28, 2022.
             Succumbed to a scorpion's poison
             ... on level 3 of the Dungeon.
             The game lasted 00:00:11 (1898 turns).

qw the Chopper (Tengu Warper)                       Turns: 1898, Time: 00:00:11

Health: 0/26       AC:  5    Str: 13    XL:     4   Next: 12%
Magic:  8/8        EV: 11    Int: 13    God:
Gold:   123        SH:  0    Dex: 14    Spells: 7/7 levels left

rFire   . . .      SeeInvis .   e - +0 war axe (venom)
rCold   . . .      Faith    .   (no shield)
rNeg    . . .      Spirit   .   g - +0 ring mail
rPois   .          Reflect  .   (helmet restricted)
rElec   .          Harm     .   (no cloak)
rCorr   .          Rampage  .   (no gloves)
Will    .....                   (boots unavailable)
Stlth   +.........              l - amulet of the acrobat
HPRegen 0.08/turn               (no ring)
MPRegen 0.11/turn               (no ring)

@: lethally poisoned (0 -> -11)
A: beak, talons 3
a: no special abilities


You were on level 3 of the Dungeon.
You visited 1 branch of the dungeon, and saw 3 of its levels.

You collected 150 gold pieces.
You spent 27 gold pieces at shops.


Innate Abilities, Weirdness & Mutations

You have a beak for a mouth.
You have claws for feet.


   Skills:
 - Level 2.0 Fighting
 + Level 4.7 Axes
 - Level 1.0 Throwing
 - Level 1.1 Armour
 - Level 2.1 Dodging
 - Level 2.0 Spellcasting
 - Level 2.4 Translocations


You had 7 spell levels left.
You didn't know any spells.
Your spell library contained the following spells:

 Spells                   Type           Power      Damage    Failure   Level
 Blink                    Tloc           14%        N/A       30%         2
 Gell's Gravitas          Tloc           7%         N/A       52%         3
 Lesser Beckoning         Tloc           7%         N/A       52%         3
 Teleport Other           Tloc           7%         N/A       52%         3
 Manifold Assault         Tloc           7%         N/A       99%         5

Inventory:

Hand Weapons
 d - a +0 mace
 e - a +0 war axe of venom (weapon)
Armour
 g - a +0 ring mail (worn)
 j - a +0 scale mail
Jewellery
 i - a ring of fire
 l - an amulet of the acrobat (around neck)
Wands
 f - a wand of digging (6)
Potions
 a - a potion of degeneration {unknown}
 b - a potion of flight {unknown}
 c - a potion of lignification {unknown}

Dungeon Overview and Level Annotations

Branches:
Dungeon (3/15)

Altars:

Shops:
D:1 *


Message History

The adder poisons you! The adder closely misses you.
You barely miss the adder. Your kick misses the adder.
Your peck misses the adder.
The adder is moderately wounded.
You feel sick. The adder bites you.
You are more poisoned.
The adder poisons you! The adder bites you but does no damage.
You barely miss the adder. Your peck misses the adder.
The adder is moderately wounded.
You feel very sick. The adder barely misses you.
You hit the adder.
The adder is poisoned.
Your kick misses the adder. You peck the adder, but do no damage.
The adder is moderately wounded.
You feel sick. The adder bites you but does no damage. The adder bites you.
You slash the adder!
You kill the adder!
You feel sick.
You have reached level 4!
You feel agile.
You start resting.
You feel sick. x4
You are no longer poisoned.
A scorpion comes into view.
1891 ||| FLEEEEING.
You hit the scorpion. Your kick misses the scorpion.
The scorpion is lightly wounded.
The scorpion stings you. x2
You barely miss the scorpion. Your kick misses the scorpion.
You peck the scorpion, but do no damage.
The scorpion is lightly wounded.
The scorpion stings you but does no damage.
You hit the scorpion.
The scorpion is poisoned.
Your peck misses the scorpion.
The scorpion is heavily wounded.
The scorpion stings you.
You are lethally poisoned!
The scorpion poisons you! The scorpion closely misses you.
You barely miss the scorpion.
You peck the scorpion, but do no damage.
The scorpion is heavily wounded.
You die...

##....... .....((.. ##
..........<#
........##.#######
.................##
..............)...##
......s............#
###........@%........<.#
..........)...............#
..........#................#
.........##.#..............#
.......#....
##............##
.........#.# ##..........##
.........#.########)#####.#
..............##......### .#
..............##........# #


You could see a scorpion (very poisoned).

Vanquished Creatures
  2 adders
  A worm (D:3)
  A dart slug (D:1)
  6 bats (D:1)
  3 endoplasms
  3 giant cockroaches (D:2)
  A goblin (D:2)
  7 hobgoblins
  A quokka (D:1)
  2 ball pythons
  A frilled lizard (D:2)
  7 kobolds
  5 rats
40 creatures vanquished.

Notes
Turn   | Place    | Note
-------+----------+-------------------------------------------
     0 | D:1      | qw the Tengu Warper began the quest for the Orb.
     0 | D:1      | Reached XP level 1. HP: 12/12 MP: 4/4
     0 | D:1      | 0 ||| qw: Version: 0.1-a-89-g26bdef1
     0 | D:1      | 0 ||| qw: Game counter: 628
     0 | D:1      | 0 ||| qw: Always use a shield: true
     0 | D:1      | 0 ||| qw: God list: Okawaru
     0 | D:1      | 0 ||| qw: Allow faded altars: false
     0 | D:1      | 0 ||| qw: Do Orc after D:15 true
     0 | D:1      | 0 ||| qw: Do second Lair branch before Depths: true
     0 | D:1      | 0 ||| qw: Lair rune preference: random
     0 | D:1      | 0 ||| qw: Plans: Normal
     0 | D:1      | 0 ||| PLANNING D:1-11
   339 | D:1      | 339 ||| Stepping ~*~*~tactically~*~*~ (stealth).
   342 | D:1      | Reached XP level 2. HP: 17/17 MP: 6/6
   361 | D:1      | 361 ||| Stepping ~*~*~tactically~*~*~ (stealth).
   373 | D:1      | 373 ||| Stepping ~*~*~tactically~*~*~ (stealth).
   374 | D:1      | 374 ||| Stepping ~*~*~tactically~*~*~ (stealth).
   379 | D:1      | Reached skill level 3 in Axes
   542 | D:1      | 542 ||| Stepping ~*~*~tactically~*~*~ (hiding).
   798 | D:1      | Reached XP level 3. HP: 21/21 MP: 7/7
   840 | D:1      | Found Kydu Dulati's Assorted Antiques.
   849 | D:1      | 849 ||| SHOPLISTING 2 emerald potions (55 gold, have 49).
   849 | D:1      | 849 ||| BUYING fuming puce potion (27 gold).
   849 | D:1      | Bought a fuming puce potion for 27 gold pieces
   849 | D:1      | 849 ||| SHOPLISTING lumpy red potion (27 gold, have 22).
   849 | D:1      | 849 ||| SHOPLISTING opal-encrusted chain mail (294 gold,
                  | have 22).
   849 | D:1      | 849 ||| SHOPLISTING scroll labelled ELIOJ HUOKEULA (31
                  | gold, have 22).
   849 | D:1      | 849 ||| SHOPLISTING scroll labelled GITHRU TEFUTEYR (31
                  | gold, have 22).
   849 | D:1      | 849 ||| SHOPLISTING scroll labelled JOADGH ACYU (31 gold,
                  | have 22).
   849 | D:1      | 849 ||| SHOPLISTING scroll labelled REXIRYGEFE (31 gold,
                  | have 22).
  1026 | D:1      | 1026 ||| UPGRADING to +0 ring mail.
  1036 | D:1      | 1036 ||| DROPPING +0 leather armour.
  1037 | D:1      | 1037 ||| UPGRADING to amulet of the acrobat.
  1042 | D:1      | 1042 ||| READING scroll labelled XEG WUFEXUF.
  1043 | D:1      | 1043 ||| READING scroll labelled JOADGH ACYU.
  1044 | D:1      | 1044 ||| READING scroll labelled EFFUPP WAORARO.
  1045 | D:1      | 1045 ||| READING scroll labelled EFEBEGOOME.
  1146 | D:1      | 1146 ||| DROPPING scroll of blinking.
  1391 | D:2      | 1391 ||| Stepping ~*~*~tactically~*~*~ (stealth).
  1393 | D:2      | 1393 ||| Stepping ~*~*~tactically~*~*~ (stealth).
  1396 | D:2      | Reached skill level 4 in Axes
  1422 | D:2      | 1422 ||| Stepping ~*~*~tactically~*~*~ (stealth).
  1631 | D:2      | 1631 ||| Stepping ~*~*~tactically~*~*~ (stealth).
  1632 | D:2      | 1632 ||| Stepping ~*~*~tactically~*~*~ (stealth).
  1634 | D:2      | 1634 ||| Stepping ~*~*~tactically~*~*~ (stealth).
  1751 | D:2      | 1751 ||| DROPPING amulet of faith.
  1752 | D:2      | 1752 ||| READING scroll labelled KUFOOP BECAT.
  1753 | D:2      | 1753 ||| READING scroll labelled ELIOJ HUOKEULA.
  1758 | D:2      | 1758 ||| DRINKING 2 fuming puce potions.
  1759 | D:2      | 1759 ||| DROPPING potion of brilliance.
  1861 | D:3      | 1861 ||| SWAPPING to +0 war axe.
  1862 | D:3      | 1862 ||| DROPPING +1 vorpal hand axe.
  1872 | D:3      | 1872 ||| READING scroll of brand weapon.
  1872 | D:3      | 1872 ||| BRANDING +0 war axe.
  1882 | D:3      | Reached XP level 4. HP: 8/26 MP: 8/8
  1883 | D:3      | HP: 6/26 [poisoned by an adder]
  1890 | D:3      | Noticed a scorpion
  1891 | D:3      | 1891 ||| FLEEEEING.
  1895 | D:3      | HP: 4/26 [scorpion (1)]
  1898 | D:3      | Succumbed to a scorpion's poison

Levels and vault maps discovered:
D:1:      nicolae_arrival_washed_ashore, layout_loops_cross, serial_shops,
          nicolae_shop_crystal
D:2:      layout_basic, minmay_liquid_box, minmay_indecisive_spiral
D:3:      layout_rooms, nemelex_spade_bored_becter, minivault_26

Skill      XL: |  1  2  3 |
---------------+----------+-----
Axes           | 3 4 |  4.7
Fighting       | |  2.0
Throwing       | |  1.0
Armour         | |  1.1
Dodging        | |  2.1
Spellcasting   | |  2.0
Translocations | |  2.4

Action                   |  1- 3 |  4- 6 || total
-------------------------+-------+-------++-------
Melee: Hand axe          |    50 |       ||    50
       Peck              |     6 |     2 ||     8
       Kick              |    17 |       ||    17
       War axe           |     5 |     4 ||     9
Throw: Boomerang         |     7 |       ||     7
       Javelin           |    25 |       ||    25
  Use: Scroll            |     7 |       ||     7
       Potion            |     1 |       ||     1
Armor: Leather armour    |    10 |       ||    10
       Ring mail         |     5 |     1 ||     6
Dodge: Dodged            |    21 |     1 ||    22

Table legend:
 A = Non-vault XP
 B = Vault XP
 C = Vault XP percentage of total XP
 D = Non-vault monster count
 E = Vault monster count
 F = Vault count percentage of total count
                 A         B        C        D         E       F
            +---------+---------+-------+---------+---------+-------
      Total |      85 |       7 |   7.6 |      36 |       4 |  10.0
            +---------+---------+-------+---------+---------+-------
        D:1 |      38 |       0 |   0.0 |      23 |       0 |   0.0
        D:2 |      26 |       7 |  21.2 |      10 |       4 |  28.6
        D:3 |      21 |       0 |   0.0 |       3 |       0 |   0.0
            +---------+---------+-------+---------+---------+-------
